[Event "12th Arad Open 2019"]
[Site "Arad"]
[Date "2019.07.24"]
[Round "1.7"]
[White "Dracea, Gheorghe"]
[Black "Song, Raymond"]
[Result "0-1"]
[ECO "B18"]
[WhiteElo "1878"]
[BlackElo "2456"]
[Annotator "RC"]
[PlyCount "58"]
[EventDate "2019.07.24"]
[EventType "swiss"]
[EventCountry "ROU"]
[SourceTitle "playchess.com"]
[Source "ChessBase"]
[SourceQuality "1"]
[TimeControl "40/5400+30:900+30"]

1. e4 c6 2. d4 d5 3. Nc3 dxe4 4. Nxe4 Bf5 5. Ng3 Bg6 6. N1e2 Nf6 7. Nf4 e5 8. Nxg6 hxg6 9. Be3 Nbd7 10. Bc4 Qc7 11. Qe2 Bd6 12. O-O-O O-O 13. Qd3 Nb6 14. Bb3 Nbd5 15. dxe5 Bxe5 16. Bc5 Rfd8 17. Qf3 a5 18. Ne4 Nxe4 19. Qxe4 a4 20. Bc4 Nf6 21. Qh4 b6 22. Be3 b5 23. Bd3 a3 24. b3 Nd5 25. Bd4 Bxd4 26. Qxd4 c5 27. Qe4 Qe5 28. Kd2 Qc3+ 29. Kc1 Nb4 0-1

[Event "12th Arad Open 2019"]
[Site "Arad"]
[Date "2019.07.24"]
[Round "1.10"]
[White "Costachi, Mihnea"]
[Black "Denes, Attila-Norbert"]
[Result "1-0"]
[ECO "A61"]
[WhiteElo "2471"]
[BlackElo "1886"]
[Annotator "RC"]
[PlyCount "47"]
[EventDate "2019.07.24"]
[EventType "swiss"]
[EventCountry "ROU"]
[SourceTitle "playchess.com"]
[Source "ChessBase"]
[SourceQuality "1"]
[TimeControl "40/5400+30:900+30"]

1. d4 Nf6 2. c4 c5 3. d5 e6 4. Nc3 exd5 5. cxd5 d6 6. Nf3 g6 7. Nd2 Bg7 8. e4 O-O 9. Be2 Na6 10. Bxa6 bxa6 11. O-O Rb8 12. Nc4 Qe7 13. Bf4 Ne8 14. Re1 Be5 15. Bxe5 dxe5 16. d6 Qe6 17. b3 Nf6 18. Nd5 Nd7 19. Qd2 Bb7 20. Nc7 Qf6 21. Rad1 Kg7 22. Qa5 Qd8 23. Qa3 f5 24. Ne6+ 1-0

[Event "12th Arad Open 2019"]
[Site "Arad"]
[Date "2019.07.25"]
[Round "2.7"]
[White "Har-Even, Abir"]
[Black "Gorodetzky, David"]
[Result "0-1"]
[ECO "C00"]
[WhiteElo "2083"]
[BlackElo "2461"]
[Annotator "RC"]
[PlyCount "58"]
[EventDate "2019.07.24"]
[EventType "swiss"]
[EventCountry "ROU"]
[SourceTitle "playchess.com"]
[Source "ChessBase"]
[SourceQuality "1"]
[TimeControl "40/5400+30:900+30"]

1. e4 e6 2. d3 d5 3. Nd2 Nf6 4. Ngf3 Be7 5. g3 O-O 6. Bg2 c5 7. e5 Nfd7 8. O-O Nc6 9. Re1 b5 10. h4 b4 11. Nf1 a5 12. N1h2 Re8 13. Bf4 Bf8 14. h5 h6 15. Ng4 Ba6 16. Qd2 Qe7 17. Ne3 Rac8 18. g4 f6 19. exf6 Qxf6 20. Nd1 Qf7 21. Nh4 Nf6 22. f3 Nxh5 23. gxh5 Qxh5 24. Bh3 Qxh4 25. Bxe6+ Rxe6 26. Rxe6 Nd4 27. Qe3 Bb5 28. Rc1 Qh3 29. Kf2 Qxe6 0-1

[Event "12th Arad Open 2019"]
[Site "Arad"]
[Date "2019.07.25"]
[Round "2.10"]
[White "David, Alexandru-Vasile"]
[Black "Visanescu, Daria-Ioana"]
[Result "1-0"]
[ECO "D35"]
[WhiteElo "2428"]
[BlackElo "2079"]
[Annotator "RC"]
[PlyCount "67"]
[EventDate "2019.07.24"]
[EventType "swiss"]
[EventCountry "ROU"]
[SourceTitle "playchess.com"]
[Source "ChessBase"]
[SourceQuality "1"]
[TimeControl "40/5400+30:900+30"]

1. d4 d5 2. c4 e6 3. Nc3 Nf6 4. cxd5 exd5 5. Bg5 Be7 6. e3 O-O 7. Bd3 Nbd7 8. Nge2 Re8 9. O-O Nf8 10. b4 h6 11. Bxf6 Bxf6 12. b5 Ne6 13. Rc1 g6 14. Qc2 c6 15. bxc6 bxc6 16. Rb1 Kg7 17. Na4 Qc7 18. Rfc1 Bd7 19. Nc5 Nxc5 20. Qxc5 Be7 21. Qxd5 Bd6 22. Qf3 Bxh2+ 23. Kh1 Bd6 24. e4 f6 25. Qe3 Ba3 26. Rd1 c5 27. Bc4 Bb4 28. a3 Ba5 29. dxc5 Bc6 30. Nd4 Bd7 31. c6 Bc8 32. Ne6+ Rxe6 33. Bxe6 Bb6 34. Rxb6 1-0

[Event "12th Arad Open 2019"]
[Site "Arad"]
[Date "2019.07.25"]
[Round "2.13"]
[White "Voinescu, David-Ioan"]
[Black "Zawadzka, Jolanta"]
[Result "0-1"]
[ECO "B44"]
[WhiteElo "2046"]
[BlackElo "2422"]
[Annotator "RC"]
[PlyCount "62"]
[EventDate "2019.07.24"]
[EventType "swiss"]
[EventCountry "ROU"]
[SourceTitle "playchess.com"]
[Source "ChessBase"]
[SourceQuality "1"]
[TimeControl "40/5400+30:900+30"]

1. e4 c5 2. Nf3 e6 3. d4 cxd4 4. Nxd4 Nc6 5. Nxc6 bxc6 6. Bd3 e5 7. O-O Nf6 8. Qe2 Bc5 9. b3 O-O 10. Bb2 d6 11. Kh1 Ng4 12. g3 Nh6 13. f4 Bh3 14. Nd2 Bxf1 15. Rxf1 exf4 16. gxf4 Qh4 17. e5 d5 18. b4 Bb6 19. Nb3 Rfe8 20. Nc5 Re7 21. Rg1 a5 22. a3 axb4 23. axb4 Bxc5 24. bxc5 Ra4 25. f5 Ng4 26. Rg3 Rf4 27. Bc1 Rf1+ 28. Kg2 Qxh2+ 29. Kxf1 Qxg3 30. f6 Rxe5 31. Qg2 Re1# 0-1

[Event "12th Arad Open 2019"]
[Site "Arad"]
[Date "2019.07.25"]
[Round "2.16"]
[White "Banzea, Alexandru-Bogdan"]
[Black "Luca, Ionel"]
[Result "1-0"]
[ECO "B07"]
[WhiteElo "2405"]
[BlackElo "2039"]
[Annotator "RC"]
[PlyCount "75"]
[EventDate "2019.07.24"]
[EventType "swiss"]
[EventCountry "ROU"]
[SourceTitle "playchess.com"]
[Source "ChessBase"]
[SourceQuality "1"]
[TimeControl "40/5400+30:900+30"]

1. e4 d6 2. d4 Nf6 3. Nc3 c6 4. f4 Qa5 5. Bd3 e5 6. Nf3 Nbd7 7. O-O Be7 8. Kh1 O-O 9. Be3 Qc7 10. a4 Rd8 11. Qe1 Nh5 12. dxe5 dxe5 13. f5 Nf8 14. Bc4 Bd7 15. g4 Nf4 16. Nxe5 Qxe5 17. Bxf4 Qc5 18. Bb3 Be8 19. Qg3 Kh8 20. Rae1 Rac8 21. g5 Qa5 22. h4 Nd7 23. h5 Bf8 24. g6 fxg6 25. hxg6 Nf6 26. Qh4 Bxg6 27. fxg6 Qh5 28. Bg5 Qxh4+ 29. Bxh4 Be7 30. Be6 Ra8 31. e5 Nd5 32. Bxe7 Nxe7 33. gxh7 Rd4 34. Re4 Rad8 35. Rxd4 Rxd4 36. Rf7 Rh4+ 37. Kg1 Ng6 38. Bf5 1-0

[Event "12th Arad Open 2019"]
[Site "Arad"]
[Date "2019.07.25"]
[Round "2.22"]
[White "Breitkopf, Francisc"]
[Black "Gheorghiu, Calin"]
[Result "1-0"]
[ECO "C00"]
[WhiteElo "1994"]
[BlackElo "2345"]
[Annotator "RC"]
[PlyCount "115"]
[EventDate "2019.07.24"]
[EventType "swiss"]
[EventCountry "ROU"]
[SourceTitle "playchess.com"]
[Source "ChessBase"]
[SourceQuality "1"]
[TimeControl "40/5400+30:900+30"]

1. e4 e6 2. c4 c5 3. Nc3 Nc6 4. d3 g6 5. g3 Bg7 6. Bg2 Nge7 7. Nge2 O-O 8. O-O d6 9. Be3 Nd4 10. Qd2 Re8 11. Bh6 Bh8 12. Nxd4 cxd4 13. Ne2 Bd7 14. b4 a6 15. a4 a5 16. b5 Qb6 17. Qa2 Rac8 18. Rac1 Rc5 19. Rc2 g5 20. h3 Ng6 21. f4 Bf6 22. Kh2 e5 23. fxg5 Be7 24. Ng1 Qd8 25. Rcf2 Be6 26. Qd2 Kh8 27. h4 Kg8 28. Bh3 Nh8 29. Qe2 Qd7 30. Qh5 Bd8 31. Bf5 Ng6 32. Qg4 Bxf5 33. Rxf5 Re6 34. h5 Nh8 35. Nf3 Rc7 36. Nh4 Be7 37. Qf3 Qe8 38. Rf2 Bd8 39. Qg4 Qd7 40. Qh3 Qc8 41. Qf1 Rd7 42. Kg2 Qc5 43. Nf3 Qa3 44. Qd1 Bb6 45. Nh2 d5 46. cxd5 Re8 47. Ng4 Bd8 48. Nf6+ Bxf6 49. gxf6 Rc7 50. Rg5+ Ng6 51. hxg6 hxg6 52. Bg7 Rc1 53. Rh5 gxh5 54. Qxh5 Rg1+ 55. Kxg1 Qc1+ 56. Kg2 Qh1+ 57. Kxh1 Rc8 58. Qh8# 1-0

[Event "12th Arad Open 2019"]
[Site "Arad"]
[Date "2019.07.25"]
[Round "2.30"]
[White "Ardeleanu, Alin"]
[Black "Nedelcu, Teodor-Cosmin"]
[Result "1-0"]
[ECO "B20"]
[WhiteElo "2323"]
[BlackElo "1963"]
[Annotator "RC"]
[PlyCount "114"]
[EventDate "2019.07.24"]
[EventType "swiss"]
[EventCountry "ROU"]
[SourceTitle "playchess.com"]
[Source "ChessBase"]
[SourceQuality "1"]
[TimeControl "40/5400+30:900+30"]

1. e4 c5 2. b3 e6 3. Nf3 Nc6 4. Bb2 Nf6 5. e5 Nd5 6. g3 Be7 7. c4 Nc7 8. Bg2 O-O 9. O-O b6 10. d4 cxd4 11. Nxd4 Bb7 12. Nc3 Rb8 13. Nxc6 Bxc6 14. Bxc6 dxc6 15. Qf3 Qd2 16. Rab1 Rbc8 17. Ne4 Qa5 18. a3 Rfd8 19. Rfd1 Ne8 20. Kg2 Qa6 21. h4 Qb7 22. Rbc1 c5 23. Nf6+ gxf6 24. Qxb7 Rc7 25. Qxc7 Nxc7 26. exf6 Bd6 27. Rd3 Ne8 28. Rcd1 Ra8 29. Rxd6 Nxd6 30. Rxd6 h6 31. a4 h5 32. Rd7 a6 33. Be5 a5 34. Bc7 Kh7 35. Bxb6 Rb8 36. Bxc5 Rxb3 37. Rxf7+ Kg6 38. Ra7 Kxf6 39. Rxa5 e5 40. Be3 Rc3 41. c5 Ke6 42. Ra8 Kd5 43. a5 Kc6 44. a6 Ra3 45. Re8 Kd5 46. c6 Kxc6 47. Rxe5 Rxa6 48. Rxh5 Kd7 49. Re5 Kd6 50. Bf4 Kd7 51. h5 Ra8 52. g4 Rf8 53. Kg3 Rh8 54. h6 Rh7 55. g5 Kd6 56. Re1+ Kd5 57. g6 Rh8 1-0

[Event "12th Arad Open 2019"]
[Site "Arad"]
[Date "2019.07.25"]
[Round "2.36"]
[White "Illes, Sandor-Ferenc"]
[Black "Talu, Mircea"]
[Result "0-1"]
[ECO "C47"]
[WhiteElo "1924"]
[BlackElo "2278"]
[Annotator "RC"]
[PlyCount "86"]
[EventDate "2019.07.24"]
[EventType "swiss"]
[EventCountry "ROU"]
[SourceTitle "playchess.com"]
[Source "ChessBase"]
[SourceQuality "1"]
[TimeControl "40/5400+30:900+30"]

1. e4 e5 2. Nf3 Nc6 3. Nc3 Nf6 4. a3 d6 5. d4 Bg4 6. Bb5 exd4 7. Qxd4 a6 8. Bxc6+ bxc6 9. e5 dxe5 10. Qxd8+ Rxd8 11. Nxe5 Bf5 12. O-O Rd6 13. Re1 Be7 14. Be3 Re6 15. Nf3 c5 16. Ng5 Rc6 17. Re2 O-O 18. f3 Rb8 19. g4 Bg6 20. b3 a5 21. Nh3 Bf8 22. Nf4 c4 23. Nxg6 hxg6 24. bxc4 Rxc4 25. g5 Rxc3 26. gxf6 gxf6 27. Bd4 Rxf3 28. Kg2 Rxa3 29. Rxa3 Bxa3 30. Bxf6 Bf8 31. Re4 Bg7 32. Bxg7 Kxg7 33. Ra4 Rb2 34. Rc4 a4 35. Rxc7 a3 36. Ra7 Rxc2+ 37. Kg3 a2 38. h4 Kf6 39. Ra5 Ke6 40. Kg4 Kd6 41. Ra8 Kd5 42. h5 gxh5+ 43. Kxh5 Kc4 0-1

[Event "12th Arad Open 2019"]
[Site "Arad"]
[Date "2019.07.25"]
[Round "3.22"]
[White "Martinovici, Ilie"]
[Black "Ursente, Tudor-Alexandru"]
[Result "1-0"]
[ECO "A56"]
[WhiteElo "2407"]
[BlackElo "1983"]
[Annotator "RC"]
[PlyCount "55"]
[EventDate "2019.07.24"]
[EventType "swiss"]
[EventCountry "ROU"]
[SourceTitle "playchess.com"]
[Source "ChessBase"]
[SourceQuality "1"]
[TimeControl "40/5400+30:900+30"]

1. d4 Nf6 2. c4 c5 3. d5 e5 4. Nc3 d6 5. e4 Be7 6. g3 O-O 7. Bg2 Ne8 8. Nge2 g6 9. O-O Nd7 10. f4 exf4 11. gxf4 f5 12. exf5 Rxf5 13. Ng3 Rf8 14. f5 Ne5 15. fxg6 hxg6 16. Bf4 Bf6 17. Qc2 g5 18. Bxe5 Bxe5 19. Qg6+ Ng7 20. Be4 Rf4 21. Nh5 Qd7 22. Nxf4 Bxf4 23. Qh7+ Kf8 24. Bg2 Qf5 25. Qh8+ Kf7 26. Ne4 Qe5 27. Nxg5+ Qxg5 28. Rxf4+ 1-0

[Event "12th Arad Open 2019"]
[Site "Arad"]
[Date "2019.07.26"]
[Round "4.1"]
[White "Soltanici, Ruslan"]
[Black "Mastrovasilis, Dimitrios"]
[Result "0-1"]
[ECO "B48"]
[WhiteElo "2408"]
[BlackElo "2589"]
[Annotator "ChessBase"]
[PlyCount "91"]
[EventDate "2019.07.24"]
[EventType "swiss"]
[EventCountry "ROU"]
[SourceTitle "playchess.com"]
[Source "ChessBase"]
[SourceQuality "1"]
[TimeControl "40/5400+30:900+30"]

1. e4 c5 2. Nf3 e6 3. Nc3 Nc6 4. d4 cxd4 5. Nxd4 Qc7 6. Be3 Nf6 7. Be2 Be7 8. f4 d6 9. Qd2 O-O 10. O-O-O a6 11. g4 Nd7 12. g5 b5 13. f5 b4 14. f6 gxf6 15. gxf6 Bxf6 16. Rhg1+ Kh8 17. Na4 Bb7 18. Nf3 Nce5 19. Qxd6 Qxd6 20. Rxd6 Nxf3 21. Bxf3 Ne5 22. Be2 Bxe4 23. Nc5 Bg6 24. Rf1 Bg7 25. Bxa6 Ng4 26. Bd4 e5 27. Bg1 Bh6+ 28. Kb1 Ne3 29. Bxe3 Bxe3 30. Nd3 Bd4 31. Re1 Rfd8 32. Rxd8+ Rxd8 33. Nxb4 Bf2 34. Rf1 e4 35. a4 e3 36. Ka2 f5 37. Nd3 Bh4 38. Nf4 Bf7+ 39. b3 Rd2 40. Bd3 Bg5 41. Ne2 Bg6 42. Ka3 f4 43. Bxg6 Rxe2 44. Bd3 Rd2 45. Be4 e2 46. Rg1 0-1

[Event "12th Arad Open 2019"]
[Site "Arad"]
[Date "2019.07.26"]
[Round "4.3"]
[White "Bogdan, Dan"]
[Black "Costachi, Mihnea"]
[Result "0-1"]
[ECO "A15"]
[WhiteElo "2370"]
[BlackElo "2471"]
[Annotator "ChessBase"]
[PlyCount "63"]
[EventDate "2019.07.24"]
[EventType "swiss"]
[EventCountry "ROU"]
[SourceTitle "playchess.com"]
[Source "ChessBase"]
[SourceQuality "1"]
[TimeControl "40/5400+30:900+30"]

1. c4 Nf6 2. g3 g6 3. Bg2 Bg7 4. Nc3 O-O 5. d4 d6 6. e3 Nc6 7. Nge2 Bd7 8. O-O a6 9. h3 Rb8 10. e4 b5 11. cxb5 axb5 12. Be3 b4 13. Nd5 Na5 14. Nxf6+ Bxf6 15. Rc1 b3 16. a3 Bb5 17. Re1 c5 18. Nc3 Nc4 19. Nxb5 Nxe3 20. Rxe3 Rxb5 21. dxc5 Bxb2 22. Rb1 Bf6 23. cxd6 b2 24. Bf1 Rc5 25. dxe7 Qxe7 26. Qb3 Qe5 27. f4 Qd4 28. e5 Bxe5 29. Kf2 Rc1 30. Bd3 Rb8 31. Qa2 Bxf4 32. Ra1 0-1

[Event "12th Arad Open 2019"]
[Site "Arad"]
[Date "2019.07.26"]
[Round "4.5"]
[White "Stoleriu, George"]
[Black "Gorodetzky, David"]
[Result "1/2-1/2"]
[ECO "B15"]
[WhiteElo "2360"]
[BlackElo "2461"]
[Annotator "ChessBase"]
[PlyCount "117"]
[EventDate "2019.07.24"]
[EventType "swiss"]
[EventCountry "ROU"]
[SourceTitle "playchess.com"]
[Source "ChessBase"]
[SourceQuality "1"]
[TimeControl "40/5400+30:900+30"]

1. e4 c6 2. d4 d5 3. Nc3 dxe4 4. Nxe4 Nf6 5. Nxf6+ exf6 6. c3 Bd6 7. Bd3 O-O 8. h3 Nd7 9. Ne2 Re8 10. O-O Qc7 11. c4 c5 12. Be3 cxd4 13. Nxd4 a6 14. Nf5 Bh2+ 15. Kh1 Ne5 16. Nd6 Rd8 17. c5 Nxd3 18. Qxd3 Bxd6 19. cxd6 Qxd6 20. Qxd6 Rxd6 21. Rfd1 Rxd1+ 22. Rxd1 Be6 23. a3 Kf8 24. Bc5+ Ke8 25. b4 Rc8 26. Kh2 a5 27. Rd2 a4 28. Rd6 Bd7 29. Rd3 Rc6 30. Rd6 Rxd6 31. Bxd6 Bb5 32. Kg3 Kd7 33. Bf8 g6 34. Kf4 Ke6 35. Ke3 Kd5 36. Kd2 Bf1 37. h4 Bxg2 38. Bg7 Ke6 39. b5 Bf1 40. b6 Kf5 41. Ke3 g5 42. h5 Bb5 43. Kf3 Bc4 44. Kg3 Be2 45. h6 Bd1 46. Bh8 Kg6 47. Bg7 Bb3 48. Bf8 Bd5 49. Bg7 f5 50. f4 f6 51. Bf8 Be4 52. Bg7 Kf7 53. Bh8 Ke6 54. Bg7 Bd3 55. Bh8 Be4 56. Bg7 g4 57. Bh8 Bc6 58. Bg7 Kf7 59. Bh8 1/2-1/2

[Event "12th Arad Open 2019"]
[Site "Arad"]
[Date "2019.07.26"]
[Round "4.6"]
[White "Ileana, George"]
[Black "Macovei, Andrei"]
[Result "1/2-1/2"]
[ECO "B96"]
[WhiteElo "2344"]
[BlackElo "2424"]
[Annotator "NA RC"]
[PlyCount "95"]
[EventDate "2019.07.24"]
[EventType "swiss"]
[EventCountry "ROU"]
[SourceTitle "playchess.com"]
[Source "ChessBase"]
[SourceQuality "1"]
[TimeControl "40/5400+30:900+30"]

1. e4 c5 2. Nf3 d6 3. d4 cxd4 4. Nxd4 Nf6 5. Nc3 a6 6. Bg5 e6 7. f4 h6 8. Bh4 Qb6 9. a3 Be7 10. Bf2 Qc7 11. Qf3 b5 12. O-O-O Nbd7 13. g4 Bb7 14. Bd3 Nc5 15. Rhe1 d5 16. e5 Nfe4 17. Bxe4 Nxe4 18. Nxe4 dxe4 19. Qg3 Rc8 20. Kb1 Bd5 21. Re3 Qc4 22. Rb3 Bc5 23. Qc3 Bxd4 24. Bxd4 g5 25. Be3 Qxc3 26. Rxc3 Rxc3 27. bxc3 h5 28. fxg5 hxg4 29. Bf4 Rh3 30. Bg3 Kf8 31. Kc1 Rh5 32. Bf4 Kg7 33. Kd2 Rh8 34. Rf1 Bc4 35. Rf2 Rd8+ 36. Ke1 Kg6 37. Be3 Kg7 38. Rf6 a5 39. Rh6 a4 40. Rh4 Rh8 41. Rh6 Rd8 42. Kf2 Rh8 43. Bf4 Rxh6 44. gxh6+ Kg6 45. Ke3 f5 46. exf6 Kxf6 47. Kxe4 Kg6 48. h7 1/2-1/2

[Event "12th Arad Open 2019"]
[Site "Arad"]
[Date "2019.07.26"]
[Round "4.7"]
[White "Barrish, Daniel"]
[Black "Zawadzka, Jolanta"]
[Result "1-0"]
[ECO "D30"]
[WhiteElo "2237"]
[BlackElo "2422"]
[Annotator "NA"]
[PlyCount "121"]
[EventDate "2019.07.24"]
[EventType "swiss"]
[EventCountry "ROU"]
[SourceTitle "playchess.com"]
[Source "ChessBase"]
[SourceQuality "1"]
[TimeControl "40/5400+30:900+30"]

1. d4 d5 2. c4 e6 3. Nf3 Nf6 4. g3 Bb4+ 5. Bd2 Be7 6. Bg2 O-O 7. O-O Nbd7 8. Qc2 Ne4 9. Nc3 Nxd2 10. Nxd2 c6 11. e3 f5 12. Ne2 Nf6 13. Nf4 Bd7 14. Nf3 Bd6 15. Nd3 Be8 16. c5 Bc7 17. Nfe5 Ng4 18. Qe2 Nxe5 19. dxe5 b6 20. b4 a5 21. cxb6 Bxb6 22. a3 Rf7 23. Rab1 Rfa7 24. Rfc1 axb4 25. axb4 Qb8 26. Qb2 Ra2 27. Qc3 Qa7 28. Nc5 Bxc5 29. bxc5 Bh5 30. Qb4 Be2 31. Qb7 Bd3 32. Qxc6 Ra6 33. Rb6 Ra1 34. Rf1 Rxf1+ 35. Bxf1 Qa1 36. Qxa8+ Qxa8 37. Bxd3 Qa1+ 38. Bf1 Qxe5 39. Rd6 Kf8 40. h4 Ke7 41. Ra6 Qc3 42. Ra7+ Kf6 43. Rc7 h6 44. c6 e5 45. Rc8 d4 46. c7 Kg6 47. exd4 exd4 48. Bd3 Qc5 49. g4 Qc1+ 50. Kg2 Qc6+ 51. f3 Kf7 52. Bxf5 d3 53. Bxd3 Qd7 54. Bf5 Qd2+ 55. Kh3 Qc1 56. Rf8+ Ke7 57. c8=Q Qh1+ 58. Kg3 Qg1+ 59. Kf4 Qd4+ 60. Be4 g5+ 61. Kf5 1-0

[Event "12th Arad Open 2019"]
[Site "Arad"]
[Date "2019.07.26"]
[Round "4.8"]
[White "Jianu, Vlad-Cristian"]
[Black "Nester, Ihor"]
[Result "1/2-1/2"]
[ECO "A10"]
[WhiteElo "2523"]
[BlackElo "2361"]
[Annotator "RC"]
[PlyCount "83"]
[EventDate "2019.07.24"]
[EventType "swiss"]
[EventCountry "ROU"]
[SourceTitle "playchess.com"]
[Source "ChessBase"]
[SourceQuality "1"]
[TimeControl "40/5400+30:900+30"]

1. c4 f5 2. g3 Nf6 3. Bg2 g6 4. Nc3 Bg7 5. d3 d6 6. e4 c6 7. Nge2 e5 8. O-O O-O 9. exf5 Bxf5 10. d4 Nbd7 11. h3 Qc7 12. g4 Be6 13. d5 Bf7 14. Be3 c5 15. Ng3 a6 16. a4 Rab8 17. Qc2 Kh8 18. g5 Ng8 19. Be4 Ne7 20. Kg2 b5 21. axb5 axb5 22. cxb5 Nb6 23. Rad1 Nbc8 24. h4 Na7 25. h5 Kg8 26. h6 Bh8 27. b4 cxb4 28. b6 Rxb6 29. Bxb6 Qxb6 30. Qb3 Nac6 31. Rb1 Rb8 32. Nce2 Qb5 33. Rfd1 Nd4 34. Rxd4 exd4 35. Nf4 Qa5 36. Nge2 Rb5 37. Qc4 Rb8 38. Nxd4 Qc5 39. Qxc5 dxc5 40. Nde6 Be5 41. Nd3 Bxe6 42. dxe6 1/2-1/2

[Event "12th Arad Open 2019"]
[Site "Arad"]
[Date "2019.07.26"]
[Round "4.9"]
[White "Weinzettl, Ernst"]
[Black "Svetushkin, Dmitry"]
[Result "1-0"]
[ECO "B12"]
[WhiteElo "2165"]
[BlackElo "2528"]
[Annotator "ChessBase"]
[PlyCount "53"]
[EventDate "2019.07.24"]
[EventType "swiss"]
[EventCountry "ROU"]
[SourceTitle "playchess.com"]
[Source "ChessBase"]
[SourceQuality "1"]
[TimeControl "40/5400+30:900+30"]

1. e4 c6 2. d4 d5 3. e5 Bf5 4. h4 h6 5. g4 Bd7 6. Nc3 Qc8 7. Be2 h5 8. gxh5 Nh6 9. Bf4 e6 10. Qd2 c5 11. dxc5 Bxc5 12. O-O-O Nc6 13. Nf3 Ng4 14. Rhg1 Nxf2 15. Rdf1 Ne4 16. Nxe4 dxe4 17. Ng5 Bxg1 18. Nxe4 Bc5 19. Nxc5 Ne7 20. Ne4 Nf5 21. h6 Kf8 22. hxg7+ Kxg7 23. Rg1+ Kf8 24. Qb4+ Ne7 25. Bg5 Qd8 26. Nf6 Bc6 27. Bh6+ 1-0

[Event "12th Arad Open 2019"]
[Site "Arad"]
[Date "2019.07.26"]
[Round "4.10"]
[White "Song, Raymond"]
[Black "Florescu, Codrut-Constantin"]
[Result "0-1"]
[ECO "B81"]
[WhiteElo "2456"]
[BlackElo "2312"]
[Annotator "ChessBase"]
[PlyCount "108"]
[EventDate "2019.07.24"]
[EventType "swiss"]
[EventCountry "ROU"]
[SourceTitle "playchess.com"]
[Source "ChessBase"]
[SourceQuality "1"]
[TimeControl "40/5400+30:900+30"]

1. e4 c5 2. Nf3 e6 3. d4 cxd4 4. Nxd4 Nf6 5. Nc3 d6 6. g4 h6 7. h4 a6 8. Qf3 Qb6 9. Nb3 h5 10. gxh5 Nxh5 11. Bg5 Nc6 12. O-O-O Bd7 13. Bh3 Ne5 14. Qe2 Rc8 15. f4 Nc4 16. Rd3 a5 17. a4 Qb4 18. f5 e5 19. f6 gxf6 20. Bxd7+ Kxd7 21. Qg4+ Kd8 22. Rf1 Be7 23. Nd5 Qxa4 24. Nxe7 Kxe7 25. Rxf6 Nxf6 26. Qf5 Kd8 27. Bxf6+ Kc7 28. Bxh8 Rxh8 29. Qxf7+ Kb8 30. Rg3 Qb4 31. Rg8+ Rxg8 32. Qxg8+ Ka7 33. Qg1+ Ka6 34. Qd1 a4 35. h5 axb3 36. cxb3 Na5 37. Qd3+ b5 38. Kc2 Nc6 39. h6 Nd4+ 40. Kd1 Qa5 41. Qc3 Qa1+ 42. Qc1 Qxc1+ 43. Kxc1 Ne2+ 44. Kd2 Nf4 45. h7 Ng6 46. Ke3 Kb6 47. Kf3 Nh8 48. Kg4 d5 49. Kf5 d4 50. Kxe5 d3 51. Kf6 d2 52. Kg7 d1=Q 53. Kxh8 Qg4 54. b4 Qg6 0-1

[Event "12th Arad Open 2019"]
[Site "Arad"]
[Date "2019.07.26"]
[Round "4.11"]
[White "David, Alexandru-Vasile"]
[Black "Gorodetzky, Matan"]
[Result "1-0"]
[ECO "D00"]
[WhiteElo "2428"]
[BlackElo "2290"]
[Annotator "NA"]
[PlyCount "85"]
[EventDate "2019.07.24"]
[EventType "swiss"]
[EventCountry "ROU"]
[SourceTitle "playchess.com"]
[Source "ChessBase"]
[SourceQuality "1"]
[TimeControl "40/5400+30:900+30"]

1. d4 d5 2. Bf4 Nf6 3. e3 c5 4. dxc5 Nc6 5. Bb5 Qa5+ 6. Nc3 a6 7. Bxc6+ bxc6 8. Nf3 Ne4 9. Qd4 Nxc3 10. Qxc3 Qxc3+ 11. bxc3 f6 12. Bc7 e5 13. Bb6 Bf5 14. O-O-O Be7 15. Nd2 Bd8 16. Bxd8 Rxd8 17. f4 O-O 18. fxe5 fxe5 19. Rhf1 Rb8 20. Rf2 Bg4 21. Rxf8+ Kxf8 22. Rf1+ Ke7 23. Nb3 Be2 24. Rf2 Bb5 25. Na5 Ke6 26. g4 h6 27. c4 dxc4 28. Rd2 Kf6 29. h4 Re8 30. c3 e4 31. Kb2 Re5 32. Rd6+ Kf7 33. Nb7 Rd5 34. Ka3 Rd3 35. Kb4 Rxe3 36. a4 Bxa4 37. Kxa4 Rxc3 38. Nd8+ Ke8 39. Nxc6 Rd3 40. Nd4 e3 41. c6 Ke7 42. Nf5+ Kf7 43. c7 1-0

[Event "12th Arad Open 2019"]
[Site "Arad"]
[Date "2019.07.26"]
[Round "4.12"]
[White "Petrisor, Adrian-Marian"]
[Black "Talu, Mircea"]
[Result "1-0"]
[ECO "E11"]
[WhiteElo "2422"]
[BlackElo "2278"]
[Annotator "NA"]
[PlyCount "87"]
[EventDate "2019.07.24"]
[EventType "swiss"]
[EventCountry "ROU"]
[SourceTitle "playchess.com"]
[Source "ChessBase"]
[SourceQuality "1"]
[TimeControl "40/5400+30:900+30"]

1. d4 Nf6 2. c4 e6 3. Nf3 Bb4+ 4. Nbd2 O-O 5. a3 Bxd2+ 6. Bxd2 b6 7. Bg5 Bb7 8. Nd2 h6 9. Bh4 d6 10. Qc2 c5 11. dxc5 bxc5 12. Rd1 Nbd7 13. e3 Qa5 14. f3 Rab8 15. Be2 Bc6 16. O-O Rb6 17. Rb1 Rfb8 18. Rfc1 Ne8 19. Bf1 R6b7 20. Be1 Qc7 21. Qc3 a5 22. b3 Rb6 23. Bd3 Qb7 24. Bc2 d5 25. a4 Nef6 26. cxd5 Nxd5 27. Qd3 g6 28. Nc4 Ra6 29. Nd6 Qa7 30. Nxf7 Kxf7 31. Qxg6+ Ke7 32. Bh4+ N7f6 33. Bxf6+ Nxf6 34. Qg7+ Kd8 35. Qxf6+ Qe7 36. Rd1+ Bd7 37. Qh8+ Kc7 38. Qe5+ Kc8 39. Bd3 Ra7 40. Rbc1 Rc7 41. Ba6+ Kd8 42. Bb5 Rbc8 43. Rd6 Ra7 44. Rcd1 1-0

[Event "12th Arad Open 2019"]
[Site "Arad"]
[Date "2019.07.26"]
[Round "4.13"]
[White "Gilea, Lucian"]
[Black "Martinovici, Ilie"]
[Result "1-0"]
[ECO "E17"]
[WhiteElo "2287"]
[BlackElo "2407"]
[Annotator "NA"]
[PlyCount "131"]
[EventDate "2019.07.24"]
[EventType "swiss"]
[EventCountry "ROU"]
[SourceTitle "playchess.com"]
[Source "ChessBase"]
[SourceQuality "1"]
[TimeControl "40/5400+30:900+30"]

1. d4 Nf6 2. c4 e6 3. Nf3 b6 4. g3 Bb7 5. Bg2 Be7 6. O-O O-O 7. Qc2 c5 8. Nc3 cxd4 9. Nxd4 Bxg2 10. Kxg2 Qc7 11. b3 Nc6 12. Nf3 Qb7 13. Kg1 a6 14. Bb2 b5 15. cxb5 axb5 16. Rac1 Ba3 17. Bxa3 Rxa3 18. Nb1 Raa8 19. a3 Rfc8 20. Qd3 d5 21. Rc5 b4 22. a4 Ne4 23. Rc2 Qa7 24. e3 Na5 25. Nd4 Nc5 26. Qd1 Qa6 27. Nd2 h6 28. Nb5 Rab8 29. Qb1 Nd7 30. Rfc1 Nf6 31. Qb2 Rxc2 32. Qxc2 Qb6 33. Nd4 Kf8 34. Qc5+ Ke8 35. f4 Kd7 36. N2f3 Ng4 37. Qxb6 Rxb6 38. h3 Nxe3 39. Ne5+ Kd8 40. Nxf7+ Ke8 41. Ne5 Nf5 42. Rc8+ Ke7 43. Ndc6+ Nxc6 44. Rxc6 Rxc6 45. Nxc6+ Kd6 46. Nxb4 Nd4 47. a5 Kc7 48. Na6+ Kc6 49. b4 Kb5 50. Nc5 g6 51. Kf2 h5 52. g4 h4 53. Nd3 Nc6 54. Ke3 d4+ 55. Ke4 Kc4 56. a6 Na7 57. g5 Nb5 58. Nc1 Na7 59. Ke5 Nb5 60. Kxe6 Nc7+ 61. Kd6 Nxa6 62. f5 Nxb4 63. fxg6 Na2 64. Nxa2 d3 65. g7 d2 66. g8=Q+ 1-0